 Dungeon Crawl Stone Soup version 0.27.1-33-g824d729ab1 (webtiles) character file.

Game seed: 11835185714118832181

15894 Atelerd the Geomancer (level 12, -8/70 HPs)
             Began as an Octopode Earth Elementalist on Dec 30, 2021.
             Was a Priest of Sif Muna.
             Mangled by a death yak (17 damage)
             ... on level 2 of the Lair of Beasts.
             The game lasted 00:28:30 (20468 turns).

Atelerd the Geomancer (OpEE)                       Turns: 20468, Time: 00:28:30

Health: -8/70      AC:  5    Str: 14    XL:     12   Next: 31%
Magic:  14/27      EV: 14    Int: 22    God:    Sif Muna [***...]
Gold:   251        SH:  0    Dex: 12    Spells: 24/33 levels left

rFire    . . .     SeeInvis +   c - +2 short sword (venom)
rCold    . . .     Faith    .   (no shield)
rNeg     . . .     Spirit   .   (helmet restricted)
rPois    .         Reflect  .   (no amulet)
rElec    .         Harm     .   l - ring of see invisible
rCorr    .         Rampage  .   t - +4 ring of protection
Will     .....                  G - +6 ring of strength
Stlth    ++++......             (no ring)
HPRegen  0.21/turn              (no ring)
MPRegen  0.20/turn              (no ring)
                                (no ring)
                                (no ring)

@: about to teleport, marked
A: almost no armour, amphibious, 8 rings, camouflage 1, gelatinous body 1,
(nimble swimmer 1), tentacles
a: Renounce Religion, Channel Magic, Forget Spell


You were on level 2 of the Lair of Beasts.
You worshipped Sif Muna.
Sif Muna was most pleased with you.
You visited 3 branches of the dungeon, and saw 15 of its levels.

You collected 677 gold pieces.
You spent 426 gold pieces at shops.

Inventory:

Hand Weapons
 c - a +2 short sword of venom (weapon)
 q - a +0 vorpal long sword
Jewellery
 l - a ring of see invisible (left tentacle)
 t - a +4 ring of protection (right tentacle)
 x - an amulet of reflection
 y - a ring of magical power
 G - a +6 ring of strength (on tentacle)
Wands
 k - a wand of flame (16)
 s - a wand of paralysis (5)
 v - a wand of polymorph (13)
 z - a wand of iceblast (15)
 E - a wand of digging (9)
 F - a wand of charming (8)
Scrolls
 a - 5 scrolls of noise {unknown}
 d - 2 scrolls of amnesia {unknown}
 e - a scroll of torment {unknown}
 h - 2 scrolls of fog
 i - 3 scrolls of vulnerability
 m - a scroll of immolation
 n - 5 scrolls of teleportation
 r - a scroll of identify
 C - a scroll of holy word
 J - 3 scrolls of magic mapping
 L - a scroll of enchant armour {unknown}
 M - a scroll of enchant weapon {unknown}
 N - a scroll of acquirement {unknown}
Potions
 f - 10 potions of ambrosia
 g - a potion of resistance {unknown}
 j - 2 potions of degeneration
 u - a potion of cancellation
 w - a potion of brilliance {unknown}
 A - a potion of mutation {unknown}
 D - a potion of flight {unknown}
 H - a potion of haste {unknown}
 I - a potion of berserk rage {unknown}
 O - a potion of might
Miscellaneous
 K - a phial of floods (inert)


   Skills:
 - Level 2.0 Fighting
 - Level 2.0 Short Blades
 - Level 5.0 Dodging
 - Level 7.0 Stealth
 - Level 11.0 Spellcasting
 * Level 5.5 Conjurations
 * Level 2.1 Translocations
 - Level 3.0 Transmutations
 - Level 11.7 Earth Magic
 - Level 5.0 Invocations


You had 24 spell levels left.
You knew the following spells:

 Your Spells              Type           Power      Damage    Failure   Level
a - Sandblast             Erth           100%       2d20      1%          1
b - Iskenderun's Mystic   Conj/Tloc      29%        2d7       11%         4
p - Petrify               Tmut/Erth      44%        N/A       2%          4

Your spell library contained the following spells:

 Spells                   Type           Power      Damage    Failure   Level
 Passwall                 Tmut/Erth      36%        N/A       1%          2
 Stone Arrow              Conj/Erth      100%       3d13      1%          3
 Static Discharge         Conj/Air       24%        N/A       2%          2
 Animate Skeleton         Necr           24%        N/A       5%          1
 Pain                     Necr           48%        1d6       5%          1
 Dazzling Flash           Conj/Hex       48%        N/A       5%          3
 Vampiric Draining        Necr           6%         2d6       16%         3
 Lightning Bolt           Conj/Air       12%        1d25      43%         5
 Starburst                Conj/Fire      12%        6d5       95%         6
 Maxwell's Capacitive Co  Air            6%         ∞         100%        8


Dungeon Overview and Level Annotations

Branches:
Dungeon (12/15)            Temple (1/1) D:4            Lair (2/6) D:9
  Swamp: Lair:2-4    Shoals: Lair:2-4     Snake: Lair:2-4    Spider: Lair:2-4
    Orc: D:9-12

Altars:
Ashenzari
Cheibriados
Dithmenos
Fedhas
Gozag
Hepliaklqana
Makhleb
Qazlal
Ru
Sif Muna
Trog
Vehumet
Wu Jian
Xom
Yredelemnul
Zin

Shops:
D:6 [

Annotations:
D:2 exclusion: downstairs
D:3 exclusion: 2 downstairs
D:6 exclusion: downstairs
D:7 1 runed translucent door, brob1's ghost, novice DDFi
D:11 2 runed translucent doors, brob1's ghost, journeyman DjFE
Lair:2 exclusion: upstairs


Innate Abilities, Weirdness & Mutations

You cannot wear most types of armour.
You are amphibious.
You can wear up to eight rings at the same time.
Your skin changes colour to match your surroundings (Stealth+).
Your rubbery body absorbs attacks. (AC +1, EV +1)
((You are camouflaged near water. (Stealth+)))
You have tentacles for arms and can constrict up to eight enemies at once.


Message History

The helpless black mamba fails to defend itself.
You puncture the black mamba!
The black mamba looks as sick as possible!
The black mamba is severely wounded.
You constrict the black mamba, but do no damage.
A black mamba comes into view.
The helpless black mamba fails to defend itself.
You impale the black mamba!!
You kill the black mamba!
Sif Muna accepts your kill.
Your Translocations skill increases to level 2!
Casting: Sandblast (safe; 1% risk of failure)
Confirm with . or Enter, or press ? or * to list all spells.
Aiming: Petrify (dangerous; 2% risk of failure)
Press: ? - help, Shift-Dir - straight line, f - black mamba
Aim: a black mamba (chance to affect: 69%)
The black mamba struggles to resist.
Unknown command.
Casting: Petrify (dangerous; 2% risk of failure)
Confirm with . or Enter, or press ? or * to list all spells.
Aiming: Petrify (dangerous; 2% risk of failure)
Press: ? - help, Shift-Dir - straight line, f/p - black mamba
Aim: a black mamba (chance to affect: 69%)
The black mamba struggles to resist.
The black mamba misses you.
Unknown command.
Okay, then.
Blink to where?
Press: ? - help, Dir - move target, p - black mamba A death yak comes into view.
As you read the scroll of blinking, it crumbles to dust.
Unknown command.
As you read the scroll of teleportation, it crumbles to dust.
You feel strangely unstable.
A six-headed hydra comes into view.
A death yak comes into view.
The black mamba bites you!
* * * LOW HITPOINT WARNING * * *
A death yak comes into view.
The death yak gores you!
You die...

###########################
...........................
...........................
...........................
...............@...........
..............S.YD.........
..................Y........
....#..#.###.#..#.#Y.....P#
......#####
########......## .....#
#.......# .....# #P......#
.....# ##......#
.....######## #####.......#


You could see 3 death yaks, a six-headed hydra and a black mamba.

Vanquished Creatures
  A boulder beetle (D:11)
  A two-headed ogre (D:8)
  Pikel (D:5)
  An ugly thing (D:12)
  A cyclops (D:11)
  An elephant (D:9)
  3 centaur zombies
  A black mamba (Lair:2)
  2 cane toads
  A rime drake (Lair:1)
  Psyche (D:9)
  A komodo dragon (Lair:1)
  A queen bee (D:9)
  Grinder (D:5)
  3 blink frogs (Lair:1)
  A meliai zombie (D:11)
  3 wraiths
  2 wyverns
  A vampire (D:12)
  24 yaks
  A basilisk (Lair:1)
  Menkaure (D:7)
  A warg (D:12)
  4 water moccasins
  2 ice beasts
  2 orc warriors
  3 sky beasts
  2 black bears (D:9)
  An ogre (D:5)
  2 centaurs (D:9)
  A lemure (D:6)
  2 bullfrogs (Lair:1)
  A scorpion (D:6)
  32 killer bees
  3 howler monkeys
  9 electric eels (D:8)
  2 jellies
  3 bullfrog skeletons
  2 orc priests
  4 hounds
  A gnoll shaman (D:7)
  Ijyb (D:5)
  4 iguanas
  5 orc wizards
  2 hell rats (Lair:1)
  2 killer bee zombies
  20 gnolls
  8 adders
  A river rat (Lair:1)
  A shadow imp (D:5)
  A white imp (D:5)
  An adder zombie (D:5)
  6 worms
  A dart slug (D:1)
  20 orcs
  8 endoplasms
  9 giant cockroaches
  6 goblins
  5 hobgoblins
  4 jackals (D:5)
  5 kobolds
  4 quokkas (D:1)
  9 ball pythons
  8 bats
  3 frilled lizards
  9 rats
273 creatures vanquished.

Vanquished Creatures (others)
  6 fungi
  36 plants
42 creatures vanquished.

Grand Total: 315 creatures vanquished

Notes
Turn   | Place    | Note
-------+----------+-------------------------------------------
     0 | D:1      | Atelerd the Octopode Earth Elementalist began the quest for
                  | the Orb.
     0 | D:1      | Reached XP level 1. HP: 11/11 MP: 3/3
   172 | D:1      | Reached XP level 2. HP: 17/17 MP: 5/5
   504 | D:1      | Reached XP level 3. HP: 21/21 MP: 4/6
  1298 | D:2      | Reached XP level 4. HP: 27/27 MP: 4/7
  1417 | D:2      | Found Riowna's Magic Scroll Boutique.
  1425 | D:2      | Bought a scroll of identify for 24 gold pieces
  2580 | D:3      | Reached XP level 5. HP: 31/31 MP: 5/9
  3008 | D:3      | Found an ornate altar of the Wu Jian Council.
  3009 | D:3      | Found a hazy altar of Hepliaklqana.
  3166 | D:3      | Found a faded altar of an unknown god.
  3834 | D:4      | Found a staircase to the Ecumenical Temple.
  3853 | Temple   | Entered the Ecumenical Temple
  4081 | Temple   | Became a worshipper of Sif Muna the Loreminder
  4436 | D:4      | Identified the +1 plate armour "Ockeq" {rC+ Will+ Stlth+}
  4447 | D:4      | Reached XP level 6. HP: 29/36 MP: 6/11
  4725 | D:5      | Entered Level 5 of the Dungeon
  4875 | D:5      | Found a stormy altar of Qazlal.
  4879 | D:5      | Noticed Grinder
  4901 | D:4      | Learned a level 4 spell: Petrify
  4927 | D:5      | Paralysed by Grinder for 6 turns
  4935 | D:5      | Killed Grinder
  4936 | D:5      | Reached skill level 5 in Stealth
  4936 | D:5      | Reached skill level 5 in Earth Magic
  4936 | D:5      | Reached XP level 7. HP: 34/41 MP: 1/13
  5228 | D:5      | Noticed Pikel
  5529 | D:6      | Found Rasayd's Antique Armour Emporium.
  5533 | D:6      | You fall into a shaft and drop 1 floor!
  5533 | D:7      | Noticed a +1 dagger of chaos
  5533 | D:7      | Noticed brob1's ghost (novice DDFi)
  5533 | D:7      | Found a runed translucent door.
  5533 | D:7      | Found a shimmering altar of Xom.
  5563 | D:7      | Reached skill level 5 in Spellcasting
  5701 | D:7      | Reached XP level 8. HP: 46/46 MP: 11/15
  6115 | D:6      | Found a glowing silver altar of Zin.
  6176 | D:6      | Found a radiant altar of Vehumet.
  7066 | D:5      | Killed Pikel
  7066 | D:5      | Noticed Ijyb
  7067 | D:5      | Reached XP level 9. HP: 23/51 MP: 15/19
  7237 | D:5      | Killed Ijyb
  7369 | D:2      | Bought a scroll of identify for 24 gold pieces
  7369 | D:2      | Bought a scroll of blinking for 90 gold pieces
  7369 | D:2      | Bought a scroll of identify for 24 gold pieces
  7369 | D:2      | Bought a scroll of identify for 24 gold pieces
  7369 | D:2      | Bought 2 scrolls of identify for 48 gold pieces
  7369 | D:2      | Bought a scroll of fog for 24 gold pieces
  7704 | D:5      | Found an opulent altar of Gozag.
  7924 | D:7      | Reached * piety under Sif Muna
  7978 | D:7      | Noticed Menkaure
  7984 | D:7      | Killed Menkaure
  8706 | D:7      | Found a broken altar of Ashenzari.
  9455 | D:8      | Noticed a two-headed ogre
  9671 | D:8      | Killed a two-headed ogre
  9672 | D:8      | Reached skill level 10 in Earth Magic
  9672 | D:8      | Reached XP level 10. HP: 41/56 MP: 20/23
 11409 | D:9      | Noticed an elephant
 11512 | D:9      | Noticed Psyche
 11525 | D:9      | Killed Psyche
 11526 | D:9      | Reached skill level 10 in Spellcasting
 11638 | D:9      | Killed an elephant
 11638 | D:9      | Reached ** piety under Sif Muna
 11893 | D:9      | Found a staircase to the Lair.
 11924 | Lair:1   | Entered Level 1 of the Lair of Beasts
 11938 | Lair:1   | Noticed a five-headed hydra
 11983 | Lair:1   | Reached XP level 11. HP: 15/61 MP: 12/25
 12548 | D:9      | HP: 3/61 [poisoned by a killer bee]
 13051 | D:10     | Entered Level 10 of the Dungeon
 14608 | D:8      | Learned a level 4 spell: Iskenderun's Mystic Blast
 14980 | D:10     | Reached skill level 1 in Fighting
 14980 | D:10     | Reached skill level 1 in Short Blades
 14980 | D:10     | Reached skill level 1 in Invocations
 15096 | D:10     | Found a bloodstained altar of Trog.
 15241 | D:10     | Reached skill level 1 in Conjurations
 15403 | D:10     | Found a blossoming altar of Fedhas.
 15403 | D:10     | Found a shadowy altar of Dithmenos.
 15693 | D:11     | Noticed a cyclops
 15704 | D:11     | Killed a cyclops
 15779 | D:11     | Found a shimmering blue altar of Sif Muna.
 15801 | D:11     | Found a runed translucent door.
 15801 | D:11     | Noticed brob1's ghost (journeyman DjFE)
 16023 | D:2      | Bought a scroll of teleportation for 36 gold pieces
 16023 | D:2      | Bought a scroll of vulnerability for 90 gold pieces
 16023 | D:2      | Bought a scroll of magic mapping for 42 gold pieces
 16469 | D:11     | Noticed a six-headed hydra
 16846 | D:12     | Noticed a white ugly thing
 16859 | D:12     | Killed a white ugly thing
 17094 | D:12     | Noticed an orc knight
 17095 | D:12     | Noticed a tengu warrior
 17873 | D:11     | Noticed a boulder beetle
 17898 | D:11     | Killed a boulder beetle
 18595 | D:11     | Noticed an orc warlord
 18595 | D:11     | Noticed a frost giant
 18595 | D:11     | Noticed a deep troll
 18596 | D:11     | Found a runed translucent door.
 18598 | D:11     | Noticed an ettin
 18598 | D:11     | Noticed a fire dragon
 18598 | D:11     | Noticed a tengu reaver
 18598 | D:11     | Noticed a sphinx
 18598 | D:11     | Noticed a yaktaur captain
 19172 | D:9      | Reached skill level 5 in Dodging
 19172 | D:9      | Reached XP level 12. HP: 25/70 MP: 9/27
 19460 | Lair:1   | Reached *** piety under Sif Muna
 19464 | Lair:1   | Reached skill level 5 in Invocations
 20144 | Lair:2   | Reached skill level 5 in Conjurations
 20151 | Lair:2   | Reached skill level 1 in Translocations
 20465 | Lair:2   | Noticed a death yak
 20466 | Lair:2   | Noticed a six-headed hydra
 20467 | Lair:2   | Noticed a death yak
 20468 | Lair:2   | Noticed a death yak
 20468 | Lair:2   | Mangled by a death yak

Illustrated notes

Levels and vault maps discovered:
D:1:      dpeg_arrival_tiny_a, layout_loops_ring, minmay_tetromino_i2
D:2:      layout_basic, serial_shops, nicolae_shop_crystal,
          minmay_strange_pillars
D:3:      layout_basic, mainiacjoe_overflow_divided_tiny, serial_curves,
          eino_curves_03, eino_curves_02, shapermc_ecumenical_altar_hornbeckon,
          minmay_misc_feat_alley, minmay_quantized
D:4:      layout_basic, minmay_temple_entry_large_hall, serial_glass,
          glass_columns_c, glass_columns_b
D:5:      layout_loops_ring, mainiacjoe_overflow_concentric_impassable,
          grunt_gozag_statues, uniq_ijyb, uniq_pikel, uniq_grinder
D:6:      layout_cave_pools, mainiacjoe_overflow_brackets,
          mainiacjoe_overflow_surrounded_room, serial_shops, shop,
          kennysheep_generic_room_11
D:7:      layout_cave_pools, mainiacjoe_overflow_alcove_2, ebering_ghost_xom,
          uniq_crazy_yiuf_cottage, uniq_menkaure
D:8:      layout_loops_ring, serial_bayou, serial_bayou_shore_a,
          serial_bayou_pond_a, serial_bayou_pond_a, serial_bayou_lake_a
D:9:      layout_big_octagon, david_lair_generic, uniq_psyche
D:10:     layout_roguey, chequers_temple_overflow_statue_of_worship,
          lemuel_crystal_altar
D:11:     minmay_gate_of_8, layout_stronghold, hellmonk_ghost_happy_afterlife,
          nicolae_sif_muna_condensation
D:12:     layout_loops_cross, minmay_orc_entry_guard_dogs
Temple:   minmay_temple_forest_path
Lair:1:   layout_roguey [special_room_bee], st_stairs_4, serial_bayou_pond_b,
          kennysheep_rathole
Lair:2:   layout_big_grid

Skill      XL: |  1  2  3  4  5  6  7  8  9 10 11 12 |
---------------+-------------------------------------+-----
Transmutations | 2 3 |  3.0
Spellcasting   | 3 4 5 7 9 10 11 | 11.0
Earth Magic    | 4 5 6 8 10 11 | 11.7
Stealth        | 3 5 6 7 |  7.0
Fighting       | 2 |  2.0
Short Blades   | 2 |  2.0
Invocations    | 4 5 |  5.0
Conjurations   | 2 5 |  5.5
Dodging        | 5 |  5.0
Translocations | 2 |  2.1

Action                   |  1- 3 |  4- 6 |  7- 9 | 10-12 || total
-------------------------+-------+-------+-------+-------++-------
Melee: Unarmed           |     2 |       |       |       ||     2
       Short sword       |    16 |    27 |   116 |   163 ||   322
       Constrict         |     3 |    11 |    15 |    10 ||    39
       Tentacles         |       |     6 |    27 |    45 ||    78
 Cast: Sandblast         |    45 |    88 |    68 |   200 ||   401
       Petrify           |       |     1 |    27 |    93 ||   121
       Iskenderun's Myst |       |       |       |     3 ||     3
Evoke: Wand              |       |     4 |     3 |    25 ||    32
       Phial of floods   |       |       |       |     1 ||     1
  Use: Scroll            |       |       |     9 |    11 ||    20
       Potion            |       |       |       |     7 ||     7
 Stab: Sleeping          |     2 |     1 |     5 |       ||     8
       Petrified         |       |       |    74 |   115 ||   189
       Petrifying        |       |       |     2 |     7 ||     9
Armor: Skin              |     4 |     2 |    16 |    71 ||    93
Dodge: Dodged            |    23 |    47 |    75 |   198 ||   343
